 Dungeon Crawl Stone Soup version 0.17-a0-1533-g2f57bce (webtiles) character file.

122 emikaela the Insei (level 4, -2/35 HPs)
             Began as a Demonspawn Chaos Knight on July 16, 2015.
             Succumbed to emikaela's ghost's poison
             ... on level 2 of the Dungeon.
             The game lasted 00:05:30 (2470 turns).

emikaela the Insei (Demonspawn Chaos Knight)        Turns: 2470, Time: 00:05:30

Health: -2/35      AC:  5    Str: 12    XL:     4   Next: 78%
Magic:  4/4        EV: 11    Int: 13    God:    Xom [..*...]
Gold:   56         SH:  0    Dex: 14    Spells: 0 memorised, 3 levels left

rFire  . . .     SeeInvis .       - Unarmed
rCold  . . .     Clarity  .     a - +2 leather armour
rNeg   . . .     SustAt   .     (no shield)
rPois  .         Gourm    .     (no helmet)
rElec  .         Spirit   .     (no cloak)
rCorr  .         Warding  .     (no gloves)
rMut   .         Stasis   .     (no boots)
MR     .....                    (no amulet)
Stlth  +.........               (no ring)
                                (no ring)

@: lethally poisoned (-2 -> -17), not resistant to hostile enchantments, very
unstealthy
A: powered by death 2, spiny 1
a: Renounce Religion


You were on level 2 of the Dungeon.
You worshipped Xom.
You were a toy of Xom.
You were not hungry.

You visited 1 branch of the dungeon, and saw 3 of its levels.

You collected 56 gold pieces.

Inventory:

Hand weapons
 v - a +1 hunting sling of freezing
Missiles
 g - 122 stones (quivered)
 i - 41 sling bullets
 j - 20 bolts of penetration
 t - 21 arrows
Armour
 a - a +2 leather armour (worn)
Scrolls
 c - a scroll of recharging {unknown}
 d - a scroll of teleportation {unknown}
 e - 2 scrolls of identify {unknown}
 f - a scroll of amnesia {unknown}
 h - 2 scrolls of remove curse {unknown}
 n - a scroll of noise {unknown}
 o - 3 scrolls of immolation {unknown}
Potions
 l - a potion of might {unknown}
 s - a potion of curing {unknown}
Books
 p - Vehumet's Papyrus of Battle Magic
   (You found it on level 2 of the Dungeon)

   Spells                             Type                      Level
   a - Magic Dart                     Conjuration                  1
 q - Kikubaaqudgha's Almanac of Stolen Souls
   (You found it on level 2 of the Dungeon)

   Spells                             Type                      Level
   a - Pain                           Necromancy                   1
 r - Sif Muna's Almanac of Beguiling
   (You found it on level 2 of the Dungeon)

   Spells                             Type                      Level
   a - Corona                         Hexes                        1
Comestibles
 b - 3 bread rations
 k - 2 chunks of flesh
 m - a meat ration
 u - a beef jerky


   Skills:
 - Level 3.0 Fighting
 - Level 1.7 Armour
 - Level 0.8 Dodging
 + Level 5.1 Unarmed Combat


You had 3 spell levels left.
You didn't know any spells.

Dungeon Overview and Level Annotations

Branches:
Dungeon (3/15)

Altars:
Kikubaaqudgha
Sif Muna
Vehumet
Yredelemnul
The Shining One

Annotations:
D:3 emikaela's ghost, average DsCK


Innate Abilities, Weirdness & Mutations

You regenerate health from kills.
You are partially covered in sharp spines.


Message History

Emikaela's ghost is lightly damaged.
You feel sick.
Emikaela's ghost is struck by your spines.
Emikaela's ghost hits you.
You are more poisoned.
You hit emikaela's ghost but do no damage.
Emikaela's ghost is lightly damaged.
You feel sick. The orc is struck by your spines. The orc hits you with a flail!
Emikaela's ghost is struck by your spines.
Emikaela's ghost hits you.
* * * LOW HITPOINT WARNING * * *
You don't know any spells.
* * * LOW HITPOINT WARNING * * *
You feel sick. Emikaela's ghost hits you.
* * * LOW HITPOINT WARNING * * *
You are more poisoned.
The orc closely misses you.
You climb upwards.
You die...
Xom bursts into laughter!

##################
#@o...............
#..........[......
######......#.####
#######)..# #
##>## #...# #
#8...8 #...# #
#.....##...# #
#8.....8#.#.#
##.... #.#.#


You could see an orc.

Vanquished Creatures
  An orc wizard (D:3)
  3 adders
  An ooze (D:2)
  2 worms (D:2)
  3 orcs (D:3)
  A ball python (D:1)
  9 bats
  A giant cockroach (D:1)
  7 hobgoblins
  4 jackals (D:1)
  9 kobolds
  A giant newt (D:2)
  3 goblins
  A quokka (D:3)
  6 rats (D:1)
52 creatures vanquished.

Notes
Turn   | Place    | Note
--------------------------------------------------------------
     0 | D:1      | emikaela the Demonspawn Chaos Knight began the quest for the Orb.
     0 | D:1      | Reached XP level 1. HP: 18/18 MP: 1/1
    19 | D:1      | XOM: harmless Summ miscast
   375 | D:1      | Gained mutation: You regenerate a little health from kills. [demonic ancestry]
   375 | D:1      | Reached XP level 2. HP: 21/24 MP: 2/2
   410 | D:1      | XOM: harmless Erth miscast
   860 | D:1      | XOM: stat loss: -1 Str (11/12)
   911 | D:1      | XOM: mild Summ miscast
   950 | D:2      | XOM: medium Ice miscast
  1055 | D:2      | XOM: god gift: scale mail {god gift}
  1378 | D:1      | XOM: noise
  1562 | D:2      | Gained mutation: You are partially covered in sharp spines. [demonic ancestry]
  1562 | D:2      | Reached XP level 3. HP: 27/29 MP: 3/3
  1647 | D:2      | Reached skill level 4 in Unarmed Combat
  1673 | D:2      | Found a glowing golden altar of the Shining One.
  1686 | D:2      | XOM: scenery: 1 doors open, 1 doors close
  1689 | D:2      | Found a basalt altar of Yredelemnul.
  2042 | D:2      | Found an ancient bone altar of Kikubaaqudgha.
  2044 | D:2      | Found a deep blue altar of Sif Muna.
  2044 | D:2      | Found a radiant altar of Vehumet.
  2049 | D:2      | Identified Vehumet's Papyrus of Battle Magic
  2056 | D:2      | Identified Kikubaaqudgha's Almanac of Stolen Souls
  2063 | D:2      | Identified Sif Muna's Almanac of Beguiling
  2168 | D:2      | Found a faded altar to an unknown god.
  2182 | D:2      | Gained mutation: You regenerate health from kills. [demonic ancestry]
  2182 | D:2      | Reached XP level 4. HP: 35/35 MP: 4/4
  2230 | D:2      | You fall through a shaft!
  2278 | D:3      | Reached skill level 5 in Unarmed Combat
  2387 | D:2      | Noticed an angel
  2461 | D:3      | Noticed emikaela's ghost (average DsCK)
  2469 | D:3      | HP: 1/35 [emikaela's ghost (5)]
  2470 | D:2      | Succumbed to emikaela's ghost's poison

Vault maps used:
D:1:      dpeg_arrival_round_a
D:2:      grunt_temple_overflow_magic_moments, nicolae_overflow_hidden_temple,
          grunt_temple_overflow_holy_war, ecumenical_altar_1
D:3:      first_bread, grunt_ministairs_13

Action                   |  1- 3 |  4- 6 || total
-------------------------+-------+-------++-------
Melee: Unarmed           |   162 |    17 ||   179
 Stab: Sleeping          |     1 |       ||     1
  Eat: Chunk             |     4 |     1 ||     5
